 Dungeon Crawl Stone Soup version 0.22-a0-348-gd16d1391c7 (webtiles) character file.

91 Laan the Chopper (level 4, -2/39 HPs)
             Began as a Minotaur Berserker on Apr 7, 2018.
             Was a Believer of Trog.
             Slain by Sigmund
             ... wielding a +0 scythe
              (9 damage)
             ... on level 2 of the Dungeon.
             The game lasted 00:01:52 (1291 turns).

Laan the Chopper (Minotaur Berserker)               Turns: 1291, Time: 00:01:53

Health: -2/39      AC:  3    Str: 22    XL:     4   Next: 33%
Magic:  3/3        EV: 12    Int:  4    God:    Trog [**....]
Gold:   64         SH:  0    Dex: 10    Spells: 3/3 levels left

rFire    . . .     SeeInvis .   a - +0 hand axe
rCold    . . .     Gourm    .   (no shield)
rNeg     . . .     Faith    .   b - +0 animal skin
rPois    .         Spirit   .   (helmet restricted)
rElec    .         Reflect  .   i - +0 cloak
rCorr    .         Harm     .   (no gloves)
MR       .....                  (no boots)
Stlth    +.........             (no amulet)
HPRegen  0.13/turn              (no ring)
MPRegen  0.08/turn              (no ring)

@: berserk cooldown, slowed, very slow
A: retaliatory headbutt, horns 2
a: Berserk, Trog's Hand, Renounce Religion


You were on level 2 of the Dungeon.
You worshipped Trog.
Trog was pleased with you.
You were hungry.

You visited 1 branch of the dungeon, and saw 2 of its levels.

You collected 64 gold pieces.

Inventory:

Hand Weapons
 a - a +0 hand axe (weapon)
Armour
 b - a +0 animal skin (worn)
 i - a +0 cloak (worn)
Jewellery
 d - an uncursed ring of flight {unknown}
 e - a +5 amulet of reflection {unknown}
Scrolls
 f - a scroll of immolation {unknown}
 g - 2 scrolls of enchant armour {unknown}
 h - a scroll of remove curse {unknown}
 j - a scroll of identify {unknown}
Comestibles
 c - 5 rations


   Skills:
 - Level 3.6 Fighting
 + Level 6.3 Axes
 - Level 2.4 Armour
 - Level 2.1 Dodging


You had 3 spell levels left.
You didn't know any spells.

Dungeon Overview and Level Annotations

Branches:
Dungeon (2/15)

Altars:

Annotations:
D:2 Sigmund


Innate Abilities, Weirdness & Mutations

You reflexively headbutt those who attack you in melee.
You have a pair of horns on your head.


Message History

Something hits you.
The worker ant zombie closely misses you.
You hit the worker ant zombie.
You destroy the worker ant zombie!
Trog accepts your kill.
You feel less confused. Something hits you. The quokka closely misses you.
You closely miss the quokka. The quokka barely misses you. Something hits you.
The quokka bites you.
* * * LOW HITPOINT WARNING * * *
You hit the quokka. You headbutt the quokka.
The quokka is severely wounded.
The quokka barely misses you. Something hits you.
* * * LOW HITPOINT WARNING * * *
The quokka barely misses you.
You slash the quokka!
You kill the quokka!
Trog accepts your kill. Something hits you!
You die...

.###..#.# ...#.#.#
#......# #......#
#[.....# #......#
#....{# #.#
######@#############
....................#
#######.###########.#
#.# #..? #.# #.#
#.... #.# #.# ##...#
####.#### # #.# ##.##
#.......# # #.# #.#
#..#.##.# # #.# #.
#..#.##.#


There were no monsters in sight!

Vanquished Creatures
  A hound zombie (D:2)
  A hound skeleton (D:2)
  A worker ant zombie (D:2)
  An ooze (D:1)
  An adder zombie (D:2)
  A worm (D:2)
  A dart slug (D:1)
  2 leopard geckos
  3 bats
  7 goblins
  3 hobgoblins
  3 jackals (D:1)
  4 kobolds (D:1)
  A quokka (D:2)
  A ball python skeleton (D:2)
  2 frilled lizards (D:1)
  2 giant cockroach zombies (D:2)
  A leopard gecko skeleton (D:2)
  3 rats
39 creatures vanquished.

Notes
Turn   | Place    | Note
-------+----------+-------------------------------------------
     0 | D:1      | Laan the Minotaur Berserker began the quest for the Orb.
     0 | D:1      | Reached XP level 1. HP: 19/19 MP: 0/0
   180 | D:1      | Reached skill level 4 in Axes
   281 | D:1      | Reached XP level 2. HP: 24/26 MP: 1/1
   421 | D:1      | Reached skill level 5 in Axes
   429 | D:1      | Reached ** piety under Trog
   481 | D:1      | Reached XP level 3. HP: 26/31 MP: 2/2
  1276 | D:2      | Noticed Sigmund
  1280 | D:2      | Reached skill level 6 in Axes
  1280 | D:2      | Reached XP level 4. HP: 39/39 MP: 3/3
  1291 | D:2      | Slain by Sigmund

Vault maps used:
D:1:      nagdon_arrival_double_spiral
D:2:      serial_undead, serial_undead_c, serial_undead_f, serial_undead_f,
          serial_undead_a, uniq_sigmund

Skill      XL: |  1  2  3 |
---------------+----------+-----
Axes           | 4 5 6 |  6.3
Fighting       | |  3.6
Armour         | |  2.4
Dodging        | |  2.1

Action                   |  1- 3 |  4- 6 || total
-------------------------+-------+-------++-------
Melee: Hand axe          |    79 |     7 ||    86
       Headbutt          |    10 |     2 ||    12
Invok: Berserk           |     2 |       ||     2
  Eat: Chunk             |     2 |       ||     2
Armor: Animal skin       |    24 |       ||    24
Dodge: Dodged            |    54 |     7 ||    61

Table legend:
 A = Spawn XP
 B = Non-spawn XP
 C = Spawn XP percentage of total XP
 D = Spawn monster count
 E = Non-spawn monster count
 F = Spawn count percentage of total count
 G = Total turns spent on level
                    A         B        C        D         E        F      G
               +---------+---------+-------+---------+---------+-------+---------
         Total |       0 |     130 |   0.0 |       0 |      39 |   0.0 |  1291
               +---------+---------+-------+---------+---------+-------+---------
           D:1 |       0 |      44 |   0.0 |       0 |      20 |   0.0 |   699
           D:2 |       0 |      86 |   0.0 |       0 |      19 |   0.0 |   592
               +---------+---------+-------+---------+---------+-------+---------
